 Dungeon Crawl Stone Soup version 0.29.1-15-g9cfb28693d (webtiles) character file.

Game seed: 16146038658128055733

1337 raph the Cleaver (level 8, -2/67 HPs)
             Began as a Hill Orc Fighter on Feb 22, 2023.
             Was an Initiate of Beogh.
             Slain by a gargoyle
             ... wielding a +0 flail
              (16 damage)
             ... on level 6 of the Dungeon.
             The game lasted 00:06:30 (5165 turns).

raph the Cleaver (Hill Orc Fighter)                 Turns: 5165, Time: 00:06:30

Health: -2/67      AC: 11    Str: 25    XL:     8   Next: 61%
Magic:  10/10      EV:  8    Int:  8    God:    Beogh [......]
Gold:   290        SH:  4    Dex: 12    Spells: 7/7 levels left

rFire   . . .      SeeInvis .   a - +0 war axe
rCold   . . .      Faith    .   c - +0 buckler
rNeg    . . .      Spirit   .   w - +0 chain mail
rPois   +          Reflect  .   (no helmet)
rElec   .          Harm     .   (no cloak)
rCorr   .          Rampage  .   j - +1 pair of gloves
Will    .....                   (no boots)
Stlth   ..........              e - amulet of regeneration
HPRegen 1.01/turn               k - ring of poison resistance
MPRegen 0.12/turn               q - +6 ring of strength

@: hasted, very quick
A: no striking features
a: Renounce Religion


You were on level 6 of the Dungeon.
You worshipped Beogh.
Beogh was noncommittal.
You visited 2 branches of the dungeon, and saw 7 of its levels.

You collected 290 gold pieces.

Inventory:

Hand Weapons
 a - a +0 war axe (weapon)
Missiles
 l - 11 poisoned darts (quivered)
 t - 5 boomerangs
Armour
 b - a +0 scale mail
 c - a +0 buckler (worn)
 j - a +1 pair of gloves (worn)
 w - a +0 chain mail (worn)
Jewellery
 e - an amulet of regeneration (around neck)
 g - an amulet of faith
 k - a ring of poison resistance (left hand)
 m - a ring of protection from fire
 q - a +6 ring of strength (right hand)
Wands
 r - a wand of mindburst (22)
Scrolls
 d - 2 scrolls of teleportation
 s - a scroll of fear
Potions
 f - 2 potions of attraction
 h - a potion of flight
 i - 2 potions of brilliance
 n - 3 potions of heal wounds
 p - a potion of magic {unknown}
 v - 3 potions of curing {unknown}


   Skills:
 + Level 4.8 Fighting
 + Level 11.6 Axes
 + Level 4.4 Armour
 + Level 1.9 Dodging
 - Level 3.2 Shields
 + Level 3.2 Invocations


You had 7 spell levels left.
You didn't know any spells.
Your spell library contained the following spells:

 Spells                   Type           Power      Damage    Failure   Level
 Beastly Appendage        Tmut           0%         N/A       98%         1
 Freeze                   Ice            0%         1d3       98%         1
 Static Discharge         Conj/Air       0%         3-3/arc   99%         2
 Wereblood                Tmut           0%         N/A       99%         2
 Frozen Ramparts          Ice            0%         1d1       100%        3
 Spider Form              Tmut/Pois      0%         N/A       100%        3
 Animate Armour           Summ/Erth      0%         N/A       100%        4
 Hailstorm                Conj/Ice       0%         3d3       100%        4
 Blade Hands              Tmut           0%         N/A       100%        5
 Lightning Bolt           Conj/Air       0%         1d11      100%        5
 Iron Shot                Conj/Erth      0%         9d1       100%        6
 Maxwell's Capacitive Co  Air            0%         ∞         100%        8


Dungeon Overview and Level Annotations

Branches:
Dungeon (6/15)             Temple (1/1) D:4

Altars:
Ashenzari
Cheibriados
Dithmenos
Elyvilon
Fedhas
Gozag
Hepliaklqana
Kikubaaqudgha
Makhleb
Nemelex Xobeh
Okawaru
Qazlal
Ru
Sif Muna
Trog
Uskayaw
Vehumet
Wu Jian
Xom
Zin
The Shining One

Portals:
Abyss: D:6


Message History

You hit the gargoyle but do no damage.
The gargoyle is heavily damaged.
You hit the howler monkey. You closely miss the howler monkey.
The howler monkey is heavily wounded.
You hit the gargoyle but do no damage.
The howler monkey hits you but does no damage.
The gargoyle hits you with a +0 flail.
You closely miss the howler monkey.
The howler monkey is heavily wounded.
You barely miss the gargoyle. You barely miss the howler monkey.
The howler monkey is heavily wounded.
You hit the gargoyle but do no damage.
The howler monkey hoots and howls with incredible vigour!
The gargoyle hits you but does no damage.
You hear an angry hiss.
You hear a bellow!
You hear a shout!
You closely miss the howler monkey.
The howler monkey is heavily wounded.
You hit the gargoyle but do no damage. You block the howler monkey's attack.
You closely miss the howler monkey.
The howler monkey is heavily wounded.
You hit the gargoyle but do no damage. The gargoyle hits you with a +0 flail!
The howler monkey hits you.
You hit the gargoyle.
The gargoyle is heavily damaged.
You hit the howler monkey. The gargoyle hits you with a +0 flail!
* * * LOW HITPOINT WARNING * * *
You completely miss the gargoyle.
The gargoyle is heavily damaged.
You hit the howler monkey but do no damage.
The howler monkey hits you.
* * * LOW HITPOINT WARNING * * *
You hit the gargoyle but do no damage.
The gargoyle is heavily damaged.
You slash the howler monkey!
You kill the howler monkey!
Beogh accepts your kill. The gargoyle hits you with a +0 flail!
You die...

#..........#
######...##§...#
#######...###..§☼§..##
......#...#....§§○..#
........#§#§..##§####
....#....○☼§§##§§§###
.#.......§#§☼§§○§§§§##☼☼#
###......☼§§§○§§§☼☼§§§§§#
.#...........##§@☼§§§#...
.............##○9.§§§# ..
.............##○c☼§§○§§§
.............##○§☼○§○§☼§.
.............##§####§§#§.
.......... #§ §§##.
.#.... §☼ #§§§ ##.. #§ ☼#
#


You could see a gargoyle and a centaur.

Vanquished Creatures
  A gargoyle (D:6)
  3 black bears
  An ogre (D:6)
  A phantom (D:5)
  A gnoll sergeant (D:6)
  2 necrophages
  2 scorpions (D:4)
  A howler monkey (D:6)
  A hound (D:6)
  2 jellies
  An orc wizard (D:4)
  4 iguanas
  An adder (D:2)
  A white imp (D:6)
  2 worms (D:2)
  A dart slug (D:4)
  6 orcs
  4 bats
  4 endoplasms
  5 giant cockroaches
  9 hobgoblins
  7 kobolds
  2 quokkas
  2 ball pythons
  3 frilled lizards
  7 goblins
  3 rats
77 creatures vanquished.

Vanquished Creatures (others)
  An ufetubus (D:5)
  An orc (D:5)
2 creatures vanquished.

Grand Total: 79 creatures vanquished

Notes
Turn   | Place    | Note
-------+----------+-------------------------------------------
     0 | D:1      | raph the Hill Orc Fighter began the quest for the Orb.
     0 | D:1      | Reached XP level 1. HP: 19/19 MP: 1/1
    49 | D:1      | Reached skill level 3 in Axes
   129 | D:1      | Reached XP level 2. HP: 26/26 MP: 2/2
   294 | D:1      | Reached skill level 4 in Axes
   406 | D:1      | Found a faded altar of an unknown god.
   924 | D:2      | Reached XP level 3. HP: 29/31 MP: 3/3
  1288 | D:2      | Reached skill level 5 in Axes
  2300 | D:3      | Found a sparkling altar of Nemelex Xobeh.
  2443 | D:3      | Reached XP level 4. HP: 38/39 MP: 4/4
  2855 | D:4      | Noticed a necrophage
  2876 | D:4      | Killed a necrophage
  2877 | D:4      | Reached skill level 6 in Axes
  2877 | D:4      | Reached XP level 5. HP: 43/45 MP: 5/5
  2890 | D:4      | Found a staircase to the Ecumenical Temple.
  2931 | D:4      | Reached skill level 7 in Axes
  3121 | D:4      | Reached skill level 8 in Axes
  3127 | D:4      | Reached XP level 6. HP: 51/51 MP: 6/6
  3144 | D:4      | Found a hazy altar of Hepliaklqana.
  3144 | D:4      | Found an opulent altar of Gozag.
  3248 | Temple   | Entered the Ecumenical Temple
  3670 | D:5      | Entered Level 5 of the Dungeon
  3705 | D:5      | Found a bloodstained altar of Trog.
  3705 | D:5      | Noticed a black bear
  3705 | D:5      | Noticed a black bear
  3720 | D:5      | Killed a black bear
  3721 | D:5      | Reached skill level 9 in Axes
  3725 | D:5      | Killed a black bear
  3726 | D:5      | Reached XP level 7. HP: 45/57 MP: 7/7
  3735 | D:5      | Reached skill level 10 in Axes
  3866 | D:5      | Became a worshipper of Beogh the Brigand
  4443 | D:5      | Reached skill level 11 in Axes
  4838 | D:6      | Noticed a gargoyle
  4858 | D:6      | HP: 1/57 [gargoyle/stone arrow (16)]
  4861 | D:6      | Killed a gargoyle
  4862 | D:6      | Reached skill level 1 in Dodging
  4862 | D:6      | Reached XP level 8. HP: 16/66 MP: 7/9
  4926 | D:6      | Found a one-way gate to the infinite horrors of the Abyss.
  4926 | D:6      | Identified the +2 rapier of the Mashing Gods {distort,
                  | rElec}
  5138 | D:6      | Noticed a gargoyle
  5165 | D:6      | Slain by a gargoyle

Illustrated notes

Levels and vault maps discovered:
D:1:      dpeg_arrival_windows_large_door, layout_loops_ring,
          hellmonk_ecumenical_altar_heavens_door
D:2:      cheibrodos_old_hovel, layout_basic, hex_tiny
D:3:      layout_loops_ring, lemuel_tele_altar, serial_glass, glass_columns_b,
          glass_columns_c, glass_columns_c, glass_columns_a
D:4:      layout_rooms, jmf_multi_god_temple, minmay_temple_entry_large_hall,
          minmay_box_of_dots
D:5:      layout_layer_cave, trog_ov_bears_minmay
D:6:      due_chaos_kobolds, layout_cave_pools, minmay_manual_monolith,
          uniq_pikel
Temple:   nicolae_temple_bog_church

Skill      XL: |  1  2  3  4  5  6  7  8 |
---------------+-------------------------+-----
Axes           | 3 4 5 6 8 9 11 | 11.6
Fighting       | 4 |  4.8
Dodging        | 1 |  1.9
Invocations    | 2 3 |  3.2
Armour         | 4 |  4.4
Shields        | |  3.2

Action                   |  1- 3 |  4- 6 |  7- 9 || total
-------------------------+-------+-------+-------++-------
Melee: War axe           |    84 |    90 |   102 ||   276
Invok: Convert to Beogh  |       |       |     1 ||     1
  Use: Scroll            |    11 |     4 |     2 ||    17
       Potion            |       |     1 |     3 ||     4
Armor: Scale mail        |    32 |    42 |    13 ||    87
       Chain mail        |       |       |     8 ||     8
Dodge: Dodged            |    43 |    46 |    35 ||   124
Block: Buckler           |    10 |    21 |    10 ||    41
